 Dungeon Crawl Stone Soup version 0.17-a0-1913-g47c5406 (webtiles) character file.

248 AvaKnavely the Chopper (level 6, -6/56 HPs)
             Began as a Hill Orc Abyssal Knight on Sept 26, 2015.
             Was a Believer of Lugonu.
             Mangled by an ogre
             ... wielding a +0 giant club
              (13 damage)
             ... on level 5 of the Dungeon.
             The game lasted 00:10:18 (2549 turns).

AvaKnavely the Chopper (Hill Orc Abyssal Knight)    Turns: 2549, Time: 00:10:18

Health: -6/56      AC:  7    Str: 17    XL:     6   Next: 12%
Magic:  9/9        EV: 11    Int: 12    God:    Lugonu [**....]
Gold:   143        SH:  0    Dex: 10    Spells: 0 memorised, 5 levels left

rFire  . . .     SeeInvis .     a - +2 hand axe
rCold  . . .     Clarity  .     j - +0 steam dragon armour
rNeg   . . .     SustAt   +     (no shield)
rPois  .         Gourm    .     (no helmet)
rElec  .         Spirit   .     q - +0 cloak
rCorr  .         Warding  .     (no gloves)
rMut   .         Stasis   .     i - +0 pair of boots
MR     .....                    (no amulet)
Stlth  +.........               r - ring of sustain attributes
                                d - ring of wizardry

@: very slightly contaminated, drained, not resistant to hostile enchantments,
very unstealthy
A: no striking features
a: Depart the Abyss, Bend Space, Renounce Religion


You were on level 5 of the Dungeon.
You worshipped Lugonu.
Lugonu was pleased with you.
You were hungry.

You visited 1 branch of the dungeon, and saw 5 of its levels.
You visited the Abyss 1 time.

You collected 143 gold pieces.

Inventory:

Hand weapons
 a - a +2 hand axe (weapon)
 k - a +2 spear of freezing
Armour
 b - a +0 leather armour
 i - a +0 pair of boots (worn)
 j - a +0 steam dragon armour (worn)
 q - a +0 cloak (worn)
Jewellery
 d - a ring of wizardry (left hand)
 l - an uncursed ring of fire
 r - a ring of sustain attributes (right hand)
Scrolls
 e - a scroll of enchant weapon
 h - a scroll of fear {unknown}
 o - a scroll of blinking
 s - 2 scrolls of noise {unknown}
 t - a scroll of fog {unknown}
 u - a scroll of remove curse {unknown}
 v - a scroll of teleportation {unknown}
 w - a scroll of magic mapping {unknown}
Potions
 f - a potion of flight {unknown}
 g - a potion of mutation {unknown}
Comestibles
 c - 2 bread rations
 m - a beef jerky


   Skills:
 + Level 5.0(4.9) Fighting
 * Level 6.2(6.1) Axes
 - Level 2.2 Armour
 - Level 0.7(0.6) Dodging
 + Level 4.4(4.3) Invocations


You had 5 spell levels left.
You didn't know any spells.

Dungeon Overview and Level Annotations

Branches:
Dungeon (5/15)             Temple (0/1) D:5

Altars:
Gozag
Makhleb
Nemelex Xobeh
Xom

Annotations:
D:3 Sigmund


Message History

You toss away a potion of degeneration.
The potion of degeneration hits the jelly but does no damage.
The jelly barely misses you. The jelly hits you.
You are splashed with acid!
The acid corrodes you!
The acid burns!
* * * LOW HITPOINT WARNING * * *
There is an open door here.
A worker ant zombie comes into view.
You are no longer corroded.
An adder zombie comes into view.
The adder zombie bites you but does no damage.
The ogre hits you with a giant club!
* * * LOW HITPOINT WARNING * * *
Blink to where?
Press: ? - help, Dir - move target cursor, p - ogre
As you read the scroll of blinking, it crumbles to dust.
An ogre comes into view. It is wielding a giant club.
The ogre shouts!
The ogre hits you with a giant club!
You die...

##+##..#
+....O####
#..##.##.##
#+ #.....#
#.Z...#
#.....#
#.##..#
#.##.O#
+....@#
#.....#
#######


You could see 2 ogres and an adder zombie.

Vanquished Creatures
  2 hounds (D:4)
  Natasha (thrice) (D:2)
  A worker ant (D:4)
  2 adders
  5 gnolls (D:2)
  2 oozes (D:4)
  3 worms (D:2)
  3 giant geckos
  A giant cockroach (D:4)
  8 goblins
  3 hobgoblins
  3 jackals (D:2)
  A quokka (D:2)
  5 bats
  A giant newt (D:3)
  6 kobolds
  3 rats
52 creatures vanquished.

Notes
Turn   | Place    | Note
--------------------------------------------------------------
     0 | Abyss:1  | AvaKnavely the Hill Orc Abyssal Knight began the quest for the Orb.
     0 | Abyss:1  | Reached XP level 1. HP: 19/19 MP: 2/2
     0 | Abyss:1  | Found a snail-covered altar of Cheibriados.
     0 | Abyss:1  | Found a corrupted altar of Lugonu.
    19 | D:1      | Escaped the Abyss
   226 | D:1      | Reached XP level 2. HP: 24/27 MP: 4/4
   711 | D:2      | Reached XP level 3. HP: 25/33 MP: 5/5
   844 | D:2      | Noticed Natasha
   896 | D:2      | Killed Natasha
   896 | D:2      | Reached skill level 4 in Fighting
  1113 | D:2      | Reached XP level 4. HP: 40/40 MP: 6/6
  1121 | D:2      | Found a burning altar of Makhleb.
  1263 | D:2      | Noticed Natasha
  1271 | D:2      | Killed Natasha
  1609 | D:2      | Reached skill level 5 in Axes
  1684 | D:2      | Found a shimmering altar of Xom.
  1703 | D:2      | Reached XP level 5. HP: 26/47 MP: 5/7
  1834 | D:2      | Noticed Natasha
  1838 | D:2      | Killed Natasha
  1874 | D:2      | Acquired Lugonu's second power
  1930 | D:2      | Found an opulent altar of Gozag.
  2056 | D:3      | Found a sparkling altar of Nemelex Xobeh.
  2067 | D:3      | Noticed Sigmund
  2426 | D:4      | Noticed an ogre
  2455 | D:4      | Reached skill level 5 in Fighting
  2455 | D:4      | Reached skill level 6 in Axes
  2455 | D:4      | Reached XP level 6. HP: 17/56 MP: 9/9
  2481 | D:5      | Entered Level 5 of the Dungeon
  2481 | D:5      | Found a staircase to the Ecumenical Temple.
  2549 | D:5      | Mangled by an ogre

Vault maps used:
D:1:      lightli_arrival_windingriver, minmay_misc_feat_nine_boxes
D:2:      lemuel_crystal_altar, lemuel_doored_altar, tgw_xom, uniq_natasha
D:3:      lemuel_coloured_pillars_altar, nicolae_overflow_hidden_temple,
          nemelex_xobeh_ov_fountains_minmay, uniq_sigmund
D:4:      kennysheep_big_flooded_room, uniq_eustachio
D:5:      minmay_temple_entry_glass, first_bread
Abyss:1:  hangedman_abyss_town

Action                   |  1- 3 |  4- 6 || total
-------------------------+-------+-------++-------
Melee: Hand axe          |    76 |   131 ||   207
  Use: Scroll            |     2 |     6 ||     8
       Potion            |     4 |     3 ||     7
 Stab: Sleeping          |     1 |       ||     1
       Invisible         |       |     2 ||     2
  Eat: Chunk             |       |     5 ||     5
